TOP OF THE 1ST |
Virginia Cavaliers batting - Pitching for Texas Longhorns : RHP Jack Thorpe
|
Pitching: RHP Jack Thorpe
|
|
Batting: RHB Carl Curry
|
0-0: SINGLE (Flyball, 78S)
|
Batting: RHB Bert Larson
|
0-0: Called Strike 0-1: Called Strike 0-2: DOUBLE (Groundball, 5L) Carl Curry to third
|
Batting: LHB Domingo González
|
0-0: Ball 1-0: Foul Ball, location: 2F 1-1: Ball 2-1: SINGLE (Groundball, 3S) (infield hit) Carl Curry scores Bert Larson to third
|
Batting: RHB Mark Whiffen
|
0-0: Called Strike 0-1: Ball Throwing error on steal attempt, E2 Bert Larson scores Domingo González to third 1-1: SINGLE (Line Drive, 78S) Domingo González scores
|
Batting: LHB Jack Davis
|
0-0: SINGLE (Line Drive, 78M) Mark Whiffen to second
|
Batting: LHB Randy Pérez
|
0-0: Foul Ball, location: 2F 0-1: Ball 1-1: Foul Ball, location: 2F 1-2: Strikes out swinging
|
Batting: RHB Fletcher Richardson
|
0-0: Ball 1-0: Called Strike 1-1: Fly out, F8 (Flyball, 8LM)
|
Batting: RHB Nick Stephenson
|
0-0: Foul Ball, location: 2F 0-1: Foul Ball, location: 2F 0-2: Foul Ball, location: 2F 0-2: Strikes out swinging
|
Top of the 1st over - 3 run(s), 5 hit(s), 1 error(s), 2 left on base; Virginia 3 - Texas 0 |
BOTTOM OF THE 1ST |
Texas Longhorns batting - Pitching for Virginia Cavaliers : RHP Will Hall
|
Pitching: RHP Will Hall
|
|
Batting: RHB Frank Music
|
0-0: Ball 1-0: DOUBLE (Line Drive, 3D)
|
Batting: SHB Fabio Morán
|
0-0: Called Strike 0-1: Ball 1-1: Swinging Strike 1-2: Ball 2-2: Foul Ball, location: 2F 2-2: Ball 3-2: Foul Ball, location: 2F 3-2: Fly out, F8 (Flyball, 8RM)
|
Batting: SHB Dave Hickman
|
0-0: Ball 1-0: Fly out, F8 (Flyball, 8RM) Runner from 2nd tags up, OUT at 3rd
|
Bottom of the 1st over - 0 run(s), 1 hit(s), 0 error(s), 0 left on base; Virginia 3 - Texas 0 |
TOP OF THE 2ND |
Virginia Cavaliers batting - Pitching for Texas Longhorns : RHP Jack Thorpe
|
Batting: LHB Brett Anderson
|
0-0: Called Strike 0-1: Swinging Strike 0-2: Ball 1-2: Strikes out looking
|
Batting: RHB Carl Curry
|
0-0: Ball 1-0: Foul Ball, location: 2F 1-1: Called Strike 1-2: Strikes out swinging
|
Batting: RHB Bert Larson
|
0-0: Ball 1-0: Fly out, F8 (Flyball, 8LD)
|
Top of the 2nd over - 0 run(s), 0 hit(s), 0 error(s), 0 left on base; Virginia 3 - Texas 0 |
BOTTOM OF THE 2ND |
Texas Longhorns batting - Pitching for Virginia Cavaliers : RHP Will Hall
|
Batting: SHB Randy Anderson
|
0-0: Swinging Strike 0-1: Fly out, F8 (Flyball, 8LXD)
|
Now in CF: Chuck Sepúlveda
|
|
Batting: RHB Gabriel Byram
|
0-0: Swinging Strike 0-1: Swinging Strike 0-2: Ball 1-2: Ball 2-2: Strikes out swinging
|
Batting: RHB Quentin Barker
|
0-0: SINGLE (Groundball, 34D)
|
Batting: RHB Bob Cooper
|
0-0: Ball Quentin Barker is caught stealing 2nd base
|
Bottom of the 2nd over - 0 run(s), 1 hit(s), 0 error(s), 0 left on base; Virginia 3 - Texas 0 |
TOP OF THE 3RD |
Virginia Cavaliers batting - Pitching for Texas Longhorns : RHP Jack Thorpe
|
Batting: LHB Chuck Sepúlveda
|
0-0: Ball 1-0: Reached on error, E4 (Groundball, 4S)
|
Batting: RHB Mark Whiffen
|
0-0: Ball 1-0: Foul Ball, location: 2F 1-1: Foul Ball, location: 2F 1-2: Fly out, F8 (Flyball, 8LXD)
|
Batting: LHB Jack Davis
|
0-0: Ball 1-0: Called Strike 1-1: Foul Ball, location: 2F 1-2: Ball 2-2: Strikes out swinging
|
Batting: LHB Randy Pérez
|
0-0: Ball 1-0: Called Strike 1-1: Swinging Strike 1-2: Ball 2-2: Foul Ball, location: 2F 2-2: Ball 3-2: Base on Balls Chuck Sepúlveda to second
|
Batting: RHB Fletcher Richardson
|
0-0: Called Strike 0-1: Foul Ball, location: 2F 0-2: Ball Wild Pitch! Chuck Sepúlveda to third Randy Pérez to second 1-2: Strikes out swinging
|
Top of the 3rd over - 0 run(s), 0 hit(s), 1 error(s), 2 left on base; Virginia 3 - Texas 0 |
BOTTOM OF THE 3RD |
Texas Longhorns batting - Pitching for Virginia Cavaliers : RHP Will Hall
|
Batting: RHB Bob Cooper
|
0-0: Ball 1-0: Ball 2-0: Ball 3-0: Called Strike 3-1: Ground out 4-3 (Groundball, 4M)
|
Batting: SHB Del McNeill
|
0-0: Ball 1-0: Called Strike 1-1: Foul Ball, location: 2F 1-2: Ball 2-2: Fly out, F8 (Flyball, 8RM)
|
Batting: RHB William Gilmore
|
0-0: Foul Ball, location: 2F 0-1: Ball 1-1: Swinging Strike 1-2: Hit by Pitch
|
Batting: RHB Frank Music
|
0-0: Ball 1-0: Foul Ball, location: 2F 1-1: Fielders Choice at 2nd, 4-6 (Groundball, 4)
|
Bottom of the 3rd over - 0 run(s), 0 hit(s), 0 error(s), 0 left on base; Virginia 3 - Texas 0 |
TOP OF THE 4TH |
Virginia Cavaliers batting - Pitching for Texas Longhorns : RHP Jack Thorpe
|
Batting: RHB Nick Stephenson
|
0-0: Ball 1-0: Called Strike 1-1: Called Strike 1-2: Ball 2-2: Ball 3-2: Foul Ball, location: 2F 3-2: Foul Ball, location: 2F 3-2: Foul Ball, location: 2F 3-2: Base on Balls
|
Batting: LHB Brett Anderson
|
0-0: Ball 1-0: Called Strike 1-1: Grounds into double play, 4-6-3 (Groundball, 4)
|
Batting: RHB Carl Curry
|
0-0: Foul Ball, location: 2F 0-1: Foul Ball, location: 2F 0-2: Ball 1-2: Strikes out swinging
|
Top of the 4th over - 0 run(s), 0 hit(s), 0 error(s), 0 left on base; Virginia 3 - Texas 0 |
BOTTOM OF THE 4TH |
Texas Longhorns batting - Pitching for Virginia Cavaliers : RHP Will Hall
|
Batting: SHB Fabio Morán
|
0-0: Foul Ball, location: 2F 0-1: Ground out 4-3 (Groundball, 4)
|
Batting: SHB Dave Hickman
|
0-0: Ball 1-0: Ball 2-0: Ball 3-0: Called Strike 3-1: Called Strike 3-2: Foul Ball, location: 2F 3-2: Foul Ball, location: 2F 3-2: Base on Balls
|
Batting: SHB Randy Anderson
|
0-0: Ball 1-0: Ground out U3 (Groundball, 34) Dave Hickman to second
|
Batting: RHB Gabriel Byram
|
0-0: Ball 1-0: Ground out 4-3 (Groundball, 4)
|
Bottom of the 4th over - 0 run(s), 0 hit(s), 0 error(s), 1 left on base; Virginia 3 - Texas 0 |
TOP OF THE 5TH |
Virginia Cavaliers batting - Pitching for Texas Longhorns : RHP Jack Thorpe
|
Batting: RHB Bert Larson
|
0-0: Called Strike 0-1: Ball 1-1: Ball 2-1: Foul Ball, location: 2F 2-2: Ball 3-2: Foul Ball, location: 2F 3-2: Ground out 6-3 (Groundball, 6)
|
Batting: LHB Chuck Sepúlveda
|
0-0: DOUBLE (Line Drive, 78D)
|
Batting: RHB Mark Whiffen
|
0-0: Ball 1-0: Called Strike 1-1: Fly out, F8 (Flyball, 8RS)
|
Pitching: LHP Jonathan Irving
|
|
Batting: LHB Jack Davis
|
0-0: Ball 1-0: Ball 2-0: Ball 3-0: Base on Balls
|
Batting: LHB Randy Pérez
|
0-0: Ball 1-0: Ball 2-0: Ball 3-0: Called Strike 3-1: Foul Ball, location: 2F 3-2: Foul Ball, location: 2F 3-2: SINGLE (Flyball, 8RS) Chuck Sepúlveda to third Jack Davis to second Chuck Sepúlveda scores Jack Davis to third
|
Batting: RHB Fletcher Richardson
|
0-0: Fly out, F7 (Flyball, 7S)
|
Top of the 5th over - 1 run(s), 2 hit(s), 0 error(s), 2 left on base; Virginia 4 - Texas 0 |
BOTTOM OF THE 5TH |
Texas Longhorns batting - Pitching for Virginia Cavaliers : RHP Will Hall
|
Batting: RHB Quentin Barker
|
0-0: Foul Ball, location: 2F 0-1: Called Strike 0-2: Strikes out looking
|
Batting: RHB Bob Cooper
|
0-0: Swinging Strike 0-1: SINGLE (Groundball, 56D)
|
Batting: SHB Del McNeill
|
0-0: Foul Ball, location: 2F 0-1: Ball 1-1: Ball 2-1: Ball 3-1: Called Strike 3-2: Base on Balls Bob Cooper to second
|
Batting: RHB William Gilmore
|
0-0: Ball 1-0: Ball 2-0: Called Strike 2-1: Swinging Strike 2-2: Strikes out swinging
|
Batting: RHB Frank Music
|
0-0: Ball 1-0: Swinging Strike 1-1: Called Strike 1-2: Foul Ball, location: 2F 1-2: Fly out, F5 (Popup, 5L)
|
Bottom of the 5th over - 0 run(s), 1 hit(s), 0 error(s), 2 left on base; Virginia 4 - Texas 0 |
TOP OF THE 6TH |
Virginia Cavaliers batting - Pitching for Texas Longhorns : LHP Jonathan Irving
|
Batting: RHB Nick Stephenson
|
0-0: Called Strike 0-1: Ball 1-1: Ball 2-1: Foul Ball, location: 2F 2-2: Strikes out looking
|
Batting: LHB Brett Anderson
|
0-0: Ball 1-0: Swinging Strike 1-1: Called Strike 1-2: Ball 2-2: Strikes out swinging
|
Batting: RHB Carl Curry
|
0-0: Ball 1-0: Ball 2-0: Called Strike 2-1: Ball 3-1: SINGLE (Groundball, 6M) (infield hit)
|
Batting: RHB Bert Larson
|
0-0: Ball 1-0: Ball 2-0: Called Strike 2-1: Ball 3-1: Foul Ball, location: 2F 3-2: Base on Balls Carl Curry to second
|
Batting: LHB Chuck Sepúlveda
|
0-0: Ball 1-0: Ball 2-0: SINGLE (Groundball, 34S) (infield hit) Carl Curry to third Bert Larson to second
|
Batting: RHB Mark Whiffen
|
0-0: Called Strike 0-1: Ball 1-1: Foul Ball, location: 2F 1-2: Foul Ball, location: 2F 1-2: Foul Ball, location: 2F 1-2: Strikes out looking
|
Top of the 6th over - 0 run(s), 2 hit(s), 0 error(s), 3 left on base; Virginia 4 - Texas 0 |
BOTTOM OF THE 6TH |
Texas Longhorns batting - Pitching for Virginia Cavaliers : RHP Will Hall
|
Batting: SHB Fabio Morán
|
0-0: Fly out, F8 (Flyball, 8LM)
|
Batting: SHB Dave Hickman
|
0-0: Ball 1-0: Called Strike 1-1: Foul Ball, location: 2F 1-2: Ball 2-2: Strikes out swinging
|
Batting: SHB Randy Anderson
|
0-0: Foul Ball, location: 2F 0-1: Ball 1-1: Fly out, F6 (Line Drive, 6)
|
Bottom of the 6th over - 0 run(s), 0 hit(s), 0 error(s), 0 left on base; Virginia 4 - Texas 0 |
TOP OF THE 7TH |
Virginia Cavaliers batting - Pitching for Texas Longhorns : LHP Jonathan Irving
|
Batting: LHB Jack Davis
|
0-0: Called Strike 0-1: Swinging Strike 0-2: Foul Ball, location: 2F 0-2: Ball 1-2: Strikes out swinging
|
Batting: LHB Randy Pérez
|
0-0: Foul Ball, location: 2F 0-1: Foul Ball, location: 2F 0-2: Ball 1-2: Strikes out swinging, 2-3 out at first.
|
Batting: RHB Fletcher Richardson
|
0-0: Ball 1-0: Called Strike 1-1: Fly out, F8 (Line Drive, 8LM)
|
Top of the 7th over - 0 run(s), 0 hit(s), 0 error(s), 0 left on base; Virginia 4 - Texas 0 |
BOTTOM OF THE 7TH |
Texas Longhorns batting - Pitching for Virginia Cavaliers : RHP Will Hall
|
Pitching: RHP Noah O'Donlevy
|
|
Batting: RHB Gabriel Byram
|
0-0: Called Strike 0-1: Ball 1-1: SINGLE (Line Drive, 34D)
|
Batting: RHB Quentin Barker
|
0-0: Ball 1-0: Ball 2-0: Ball 3-0: SINGLE (Groundball, 4D) Gabriel Byram to second Runner from 2nd tries for 3rd, SAFE, no throw
|
Batting: RHB Bob Cooper
|
0-0: Foul Ball, location: 2F 0-1: Foul Ball, location: 2F 0-2: Foul Ball, location: 2F 0-2: Ball 1-2: Ball 2-2: Foul Ball, location: 2F 2-2: Ball 3-2: SINGLE (Groundball, 34D) Gabriel Byram scores Quentin Barker to second Throwing error, E9 Quentin Barker scores Bob Cooper to second
|
Batting: SHB Del McNeill
|
0-0: Called Strike 0-1: Called Strike 0-2: Ball 1-2: Strikes out looking
|
Batting: RHB William Gilmore
|
0-0: Ball 1-0: Ball 2-0: Foul Ball, location: 2F 2-1: Ball 3-1: Base on Balls
|
Pitching: RHP Roland Collins
|
|
Batting: RHB Frank Music
|
0-0: Ball 1-0: Foul Ball, location: 2F 1-1: Ball 2-1: Ball 3-1: Base on Balls Bob Cooper to third William Gilmore to second
|
Batting: SHB Fabio Morán
|
0-0: Ball 1-0: Ball 2-0: Foul Ball, location: 2F 2-1: Ball 3-1: Foul Ball, location: 2F 3-2: DOUBLE (Flyball, 9) Bob Cooper scores William Gilmore scores Frank Music to third Runner from 3rd tries for Home, SAFE, no throw
|
Batting: SHB Dave Hickman
|
0-0: Ball 1-0: Ball 2-0: Ball 3-0: Base on Balls
|
Batting: SHB Randy Anderson
|
0-0: Ball 1-0: Ball 2-0: Swinging Strike 2-1: Reached on error, E6 (Groundball, 6M) Fabio Morán to third Dave Hickman to second
|
Batting: RHB Gabriel Byram
|
0-0: Ball 1-0: Fly out, F6 (Popup, 4MD)
|
Batting: RHB Quentin Barker
|
0-0: Ball 1-0: Called Strike 1-1: Ball 2-1: SINGLE (Line Drive, 8RS) Fabio Morán scores Dave Hickman to third Randy Anderson to second Throwing error, E8 Dave Hickman scores Randy Anderson to third Quentin Barker to second
|
Pitching: RHP Jeff Paul
|
|
Batting: RHB Bob Cooper
|
0-0: Called Strike 0-1: Called Strike 0-2: Ball 1-2: Foul Ball, location: 2F 1-2: SINGLE (Line Drive, 9LS) Randy Anderson scores Quentin Barker to third Runner from 3rd tries for Home, SAFE, no throw
|
Batting: SHB Del McNeill
|
0-0: Ball 1-0: Ball 2-0: Swinging Strike 2-1: Ball 3-1: Base on Balls Bob Cooper to second
|
Batting: RHB William Gilmore
|
0-0: Called Strike 0-1: Called Strike 0-2: Ball 1-2: Ball 2-2: Strikes out swinging
|
Bottom of the 7th over - 9 run(s), 6 hit(s), 3 error(s), 2 left on base; Virginia 4 - Texas 9 |
TOP OF THE 8TH |
Virginia Cavaliers batting - Pitching for Texas Longhorns : LHP Jonathan Irving
|
Batting: RHB Nick Stephenson
|
0-0: Called Strike 0-1: Ball 1-1: Ground out 4-3 (Groundball, 4M)
|
Pitching: RHP Jack Muttart
|
|
Batting: LHB Brett Anderson
|
0-0: Ball 1-0: Swinging Strike 1-1: Fly out, F9 (Flyball, 9S)
|
Batting: RHB Carl Curry
|
0-0: Ball 1-0: Called Strike 1-1: Ball 2-1: Fly out, F2 (Popup, 23)
|
Top of the 8th over - 0 run(s), 0 hit(s), 0 error(s), 0 left on base; Virginia 4 - Texas 9 |
BOTTOM OF THE 8TH |
Texas Longhorns batting - Pitching for Virginia Cavaliers : RHP Jeff Paul
|
Batting: RHB Frank Music
|
0-0: Fly out, F6 (Popup, 6D)
|
Batting: SHB Fabio Morán
|
0-0: Ball 1-0: Ball 2-0: Ball 3-0: Base on Balls
|
Batting: SHB Dave Hickman
|
0-0: Ball 1-0: Ball 2-0: Ball 3-0: Called Strike 3-1: Foul Ball, location: 2F 3-2: Foul Ball, location: 2F 3-2: Foul Ball, location: 2F 3-2: Foul Ball, location: 2F 3-2: Base on Balls Fabio Morán to second
|
Batting: SHB Randy Anderson
|
0-0: Called Strike 0-1: Ball 1-1: Foul Ball, location: 2F 1-2: Foul Ball, location: 2F 1-2: Strikes out looking
|
Batting: RHB Gabriel Byram
|
0-0: Ball 1-0: Ball 2-0: Ball 3-0: Base on Balls Fabio Morán to third Dave Hickman to second
|
Batting: RHB Quentin Barker
|
0-0: Called Strike 0-1: Foul Ball, location: 2F 0-2: Ball 1-2: Ball 2-2: SINGLE (Line Drive, 89S) Fabio Morán scores Dave Hickman to third Gabriel Byram to second Runner from 3rd tries for Home, SAFE, no throw
|
Batting: RHB Bob Cooper
|
0-0: Ball 1-0: Reached on error, E6 (Groundball, 6) Gabriel Byram to third Quentin Barker to second
|
Batting: SHB Del McNeill
|
0-0: Called Strike 0-1: Ball 1-1: Fly out, F8 (Flyball, 8RM)
|
Bottom of the 8th over - 2 run(s), 1 hit(s), 1 error(s), 3 left on base; Virginia 4 - Texas 11 |
TOP OF THE 9TH |
Virginia Cavaliers batting - Pitching for Texas Longhorns : RHP Jack Muttart
|
Batting: RHB Bert Larson
|
0-0: Ball 1-0: Ball 2-0: Ball 3-0: Called Strike 3-1: Base on Balls
|
Batting: LHB Chuck Sepúlveda
|
0-0: Foul Ball, location: 2F 0-1: Called Strike 0-2: Strikes out looking
|
Batting: RHB Mark Whiffen
|
0-0: Ball 1-0: Called Strike 1-1: Ball 2-1: Ball 3-1: Swinging Strike 3-2: Base on Balls Bert Larson to second
|
Pitching: RHP Oscar Goring
|
|
Batting: LHB Jack Davis
|
0-0: Ball 1-0: Ball 2-0: Foul Ball, location: 2F 2-1: Swinging Strike 2-2: Strikes out swinging
|
Batting: LHB Randy Pérez
|
0-0: Swinging Strike 0-1: Foul Ball, location: 2F 0-2: Ball 1-2: SINGLE (Groundball, 56) (infield hit) Bert Larson to third Mark Whiffen to second
|
Batting: RHB Fletcher Richardson
|
0-0: Ball 1-0: SINGLE (Groundball, 6S) (infield hit) Bert Larson scores Mark Whiffen to third Randy Pérez to second
|
Batting: RHB Nick Stephenson
|
0-0: Ball 1-0: Foul Ball, location: 2F 1-1: Foul Ball, location: 2F 1-2: Strikes out swinging
|
Top of the 9th over - 1 run(s), 2 hit(s), 0 error(s), 3 left on base; Virginia 5 - Texas 11 |
|